 Dungeon Crawl Stone Soup version 0.19.4-8-ga85b6b9 (webtiles) character file.

345 LORDOFBUTT the Sneak (level 6, -7/28 HPs)
             Began as a Spriggan Enchanter on Feb 10, 2017.
             Mangled by Prince Ribbit (14 damage)
             ... on level 5 of the Dungeon.
             The game lasted 00:05:31 (3363 turns).

LORDOFBUTT the Sneak (Spriggan Enchanter)           Turns: 3363, Time: 00:05:31

Health: -7/28      AC:  3    Str:  5    XL:     6   Next: 32%
Magic:  14/14      EV: 18    Int: 18    God:
Gold:   209        SH:  0    Dex: 16    Spells: 3 memorised, 9 levels left

rFire  . . .     SeeInvis +     e - +1 dagger (elec)
rCold  . . .     Gourm    .     b - +1 robe
rNeg   . . .     Faith    .     (shield restricted)
rPois  .         Spirit   .     (helmet restricted)
rElec  .         Reflect  .     (no cloak)
rCorr  .         Harm     .     (gloves unavailable)
MR     +....                    (boots unavailable)
Stlth  +++.......               n - amulet of regeneration
                                (no ring)
                                (no ring)

@: very quick
A: unfitting armour, see invisible, herbivore 3, speed 3, slow metabolism 2
a: no special abilities


You were on level 5 of the Dungeon.
You were not hungry.

You visited 1 branch of the dungeon, and saw 5 of its levels.

You collected 209 gold pieces.

Inventory:

Hand Weapons
 a - a +1 dagger of venom
 e - a +1 dagger of electrocution (weapon)
Armour
 b - a +1 robe (worn)
Jewellery
 n - an amulet of regeneration (around neck)
Scrolls
 f - a scroll of immolation {unknown}
 g - 3 scrolls of fog
 h - 2 scrolls of teleportation
 q - a scroll of remove curse {unknown}
 r - a scroll of random uselessness {unknown}
 s - 2 scrolls of identify
 t - 2 scrolls of noise {unknown}
Potions
 i - 2 potions of resistance
 j - a potion of magic {unknown}
 k - a potion of heal wounds {unknown}
 l - a potion of mutation {unknown}
 m - a potion of curing {unknown}
 p - a potion of flight {unknown}
Books
 c - a book of Maledictions

   Spells                             Type                      Level
   a - Corona                         Hexes                        1
   b - Ensorcelled Hibernation        Hexes/Ice                    2
   c - Confuse                        Hexes                        3
   d - Tukima's Dance                 Hexes                        3
   e - Dazzling Spray                 Conjuration/Hexes            3
Comestibles
 d - 5 bread rations
 o - a royal jelly


   Skills:
 - Level 1.1 Short Blades
 - Level 3.0 Dodging
 + Level 6.1 Stealth
 * Level 5.0 Spellcasting
 * Level 5.9 Hexes
 + Level 1.7 Ice Magic


You had 9 spell levels left.
You knew the following spells:

 Your Spells              Type           Power        Failure   Level  Hunger
a - Corona                Hex            ####...      1%          1    None
b - Ensorcelled Hibernat  Hex/Ice        ###...       4%          2    #......
c - Confuse               Hex            ####....     3%          3    ##.....


Dungeon Overview and Level Annotations

Branches:
Dungeon (5/15)
 Temple: D:4-7

Altars:

Shops:
D:4 (

Annotations:
D:5 Prince Ribbit


Innate Abilities, Weirdness & Mutations

You are very small and have problems with some larger weapons.
You are too small for most types of armour.
You have supernaturally acute eyesight. (SInv)
You are a herbivore.
You cover ground extremely quickly.
You need consume almost no food.


Message History

Your Spellcasting skill increases to level 5!
You closely miss Prince Ribbit. Prince Ribbit barely misses you.
Prince Ribbit hits you!
You miss Prince Ribbit. Prince Ribbit closely misses you.
You hit Prince Ribbit.
Prince Ribbit is lightly wounded.
Prince Ribbit hits you!
Ouch! That really hurt!
* * * LOW HITPOINT WARNING * * *
Prince Ribbit hops awkwardly around.
Prince Ribbit says, "You're just another fly to me."
There is an open door here.
There is a stone staircase leading up here.
You climb upwards.
There is a stone staircase leading down here.
You climb downwards.
Level annotation: Prince Ribbit Prince Ribbit hits you!
Ouch! That really hurt!
You die...

#.#....#
#.#.$†?#
#.#.#+## #<#.#
#
####.#.#.###..
#....#........
#....'........
#....###.#####
#..F@# .#
#....# .#
#....# #
#....# #....#
#....# ######


You could see Prince Ribbit.

Vanquished Creatures
  An ogre (D:4)
  An orc priest (D:3)
  2 iguanas
  2 orc wizards
  4 adders
  An ooze (D:1)
  An adder skeleton (D:4)
  A worm (D:4)
  A dart slug (D:1)
  3 leopard geckos (D:2)
  16 orcs
  3 giant cockroaches
  3 goblins
  4 hobgoblins
  3 kobolds
  2 quokkas (D:3)
  9 bats
  3 frilled lizards
  A leopard gecko skeleton (D:4)
  3 rats
64 creatures vanquished.

Notes
Turn   | Place    | Note
-------+----------+-------------------------------------------
     0 | D:1      | LORDOFBUTT the Spriggan Enchanter began the quest for the Orb.
     0 | D:1      | Reached XP level 1. HP: 9/9 MP: 5/5
   120 | D:1      | Reached XP level 2. HP: 13/13 MP: 7/7
   914 | D:2      | You fall through a shaft for 2 floors!
  1192 | D:2      | Reached skill level 5 in Stealth
  1192 | D:2      | Reached XP level 3. HP: 11/16 MP: 8/8
  1196 | D:2      | Learned a level 2 spell: Ensorcelled Hibernation
  1200 | D:2      | Learned a level 3 spell: Confuse
  1748 | D:3      | Reached XP level 4. HP: 21/21 MP: 7/10
  1828 | D:3      | Reached skill level 5 in Hexes
  2349 | D:3      | Reached skill level 1 in Ice Magic
  2513 | D:4      | Reached XP level 5. HP: 19/24 MP: 12/12
  2674 | D:4      | Noticed an ogre
  2705 | D:4      | Killed an ogre
  2705 | D:4      | Reached skill level 6 in Stealth
  2705 | D:4      | Reached XP level 6. HP: 27/28 MP: 8/14
  2917 | D:4      | Found Ehokibar's Weapon Emporium.
  3331 | D:5      | Entered Level 5 of the Dungeon
  3342 | D:5      | Noticed Prince Ribbit
  3347 | D:5      | Reached skill level 5 in Spellcasting
  3363 | D:5      | Mangled by Prince Ribbit

Skill      XL: |  1  2  3  4  5  6 |
---------------+-------------------+-----
Spellcasting   | 3 4 5 |  5.0
Hexes          | 4 5 |  5.9
Stealth        | 5 6 |  6.1
Ice Magic      | 1 |  1.7
Short Blades   | |  1.1
Dodging        | |  3.0

Action                   |  1- 3 |  4- 6 || total
-------------------------+-------+-------++-------
Melee: Dagger            |    91 |   183 ||   274
 Cast: Ensorcelled Hiber |     5 |     4 ||     9
       Confuse           |       |     1 ||     1
  Use: Scroll            |     3 |     1 ||     4
 Stab: Sleeping          |    12 |     6 ||    18
       Distracted        |       |     1 ||     1
  Eat: Pizza             |       |     2 ||     2
Armor: Robe              |     7 |    15 ||    22
Dodge: Dodged            |    75 |   129 ||   204
